 Dungeon Crawl Stone Soup version 0.20.1-1-g8b1a95d (webtiles) character file.

83 letownia2 the Grave Robber (level 4, -1/36 HPs)
             Began as a Deep Dwarf Necromancer on Nov 5, 2017.
             Killed from afar by Sigmund (5 damage)
             ... with a puff of flame
             ... on level 2 of the Dungeon.
             The game lasted 00:04:35 (1664 turns).

letownia2 the Grave Robber (Deep Dwarf Necromancer) Turns: 1664, Time: 00:04:36

Health: -1/36      AC:  2    Str: 12    XL:     4   Next: 22%
Magic:  0/8        EV: 12    Int: 16    God:
Gold:   28         SH:  0    Dex: 13    Spells: 5/9 levels left

rFire    . . .     SeeInvis .   a - +1 dagger (speed)
rCold    . . .     Gourm    .   (no shield)
rNeg     . . .     Faith    .   i - +0 robe
rPois    .         Spirit   .   (no helmet)
rElec    .         Reflect  .   (no cloak)
rCorr    .         Harm     .   (no gloves)
MR       .....                  (no boots)
Stlth    ++........             (no amulet)
Regen    0.0/turn               (no ring)
MPRegen  0.2/turn               (no ring)

@: non-regenerating
A: damage resistance, heal wounds, sense surroundings 1, no regeneration
a: Heal Wounds


You were on level 2 of the Dungeon.
You were not hungry.

You visited 1 branch of the dungeon, and saw 2 of its levels.

You collected 28 gold pieces.

Inventory:

Hand Weapons
 a - a +1 dagger of speed (weapon)
 e - a +1 hunting sling of freezing
Armour
 d - a +0 scale mail
 h - a +0 pair of gloves
 i - a +0 robe (worn)
Scrolls
 f - a scroll of noise {unknown}
 j - 2 scrolls of identify {unknown}
 l - a scroll of enchant armour {unknown}
Potions
 m - a potion of curing {unknown}
Books
 b - a book of Necromancy

   Spells                             Type                      Level
   a - Pain                           Necromancy                   1
   b - Animate Skeleton               Necromancy                   1
   c - Vampiric Draining              Necromancy                   3
   d - Regeneration                   Charms/Necromancy            3
   e - Animate Dead                   Necromancy                   4
   f - Control Undead                 Necromancy                   4
Comestibles
 c - a bread ration
 g - 4 chunks of flesh
 k - 4 fruits


   Skills:
 - Level 2.1 Dodging
 - Level 2.4 Stealth
 + Level 3.0 Spellcasting
 + Level 5.4 Necromancy


You had 5 spell levels left.
You knew the following spells:

 Your Spells              Type           Power        Failure   Level  Hunger
a - Pain                  Necr           ###.         1%          1    #......
v - Vampiric Draining     Necr           ###.......   6%          3    ###....


Dungeon Overview and Level Annotations

Branches:
Dungeon (2/15)

Altars:

Annotations:
D:2 Sigmund


Innate Abilities, Weirdness & Mutations

You are resistant to damage.
You can heal yourself by infusing magical energy.
You passively map a small area around you.
You do not regenerate.


Message History

Confirm with . or Enter, or press ? or * to list all spells.
You can't see any susceptible monsters within range! (Use Z to cast anyway.)
Casting: Pain
Confirm with . or Enter, or press ? or * to list all spells.
You can't see any susceptible monsters within range! (Use Z to cast anyway.)
Casting: Pain
Confirm with . or Enter, or press ? or * to list all spells.
You don't know that spell.
Casting: Pain
Confirm with . or Enter, or press ? or * to list all spells.
Aiming: Vampiric Draining
Press: ? - help, Shift-Dir - straight line You feel life coursing into your body.
Something hits you!
* * * LOW HITPOINT WARNING * * *
Unknown command.
Unknown command.
Unknown command.
A puff of flame appears from out of thin air!
The puff of flame hits you!
You die...

## #.# #..#.#
#.#.######......#
######.# #.#.##
#.#.#..........##
#......#
#.#.####.#.#.#######.#?#
#.###### #............#
####. #.# ###.##.#.#.###
. #.# #.#.#....# *. #.#
#.##...#.####### *. #.#
#.###.##.......# h #.#
#.# #@########.# *h
#.##########.# #.# * h
#.##........)# #.# * *,
.......####### #.#
####...# #)# * ##### #)#
* #.# #.# * #.# * * *


There were no monsters in sight!

Vanquished Creatures
  5 gnolls
  An adder (D:2)
  An ooze (D:1)
  2 dart slugs
  3 giant cockroaches
  A goblin (D:2)
  3 hobgoblins (D:2)
  A bat (D:1)
  2 frilled lizards
  2 kobolds
  2 rats (D:1)
23 creatures vanquished.

Notes
Turn   | Place    | Note
-------+----------+-------------------------------------------
     0 | D:1      | letownia2 the Deep Dwarf Necromancer began the quest for the Orb.
     0 | D:1      | Reached XP level 1. HP: 15/15 MP: 3/3
   463 | D:1      | Reached XP level 2. HP: 20/22 MP: 0/5
   788 | D:1      | Reached skill level 5 in Necromancy
   788 | D:1      | Reached XP level 3. HP: 9/28 MP: 1/6
   849 | D:1      | Learned a level 3 spell: Vampiric Draining
  1088 | D:2      | Noticed Sigmund
  1339 | D:2      | Reached XP level 4. HP: 25/36 MP: 5/8
  1664 | D:2      | Killed from afar by Sigmund

Skill      XL: |  1  2  3  4 |
---------------+-------------+-----
Spellcasting   | 2 3 |  3.0
Necromancy     | 5 |  5.4
Dodging        | |  2.1
Stealth        | |  2.4

Action                   |  1- 3 |  4- 6 || total
-------------------------+-------+-------++-------
Melee: Unarmed           |     1 |       ||     1
 Cast: Pain              |    42 |    10 ||    52
       Vampiric Draining |     4 |     4 ||     8
  Eat: Chunk             |     3 |     1 ||     4
Armor: Robe              |    10 |       ||    10
Dodge: Dodged            |    29 |       ||    29
